 Dungeon Crawl Stone Soup version 0.25.1-3-ge44b62a0b3 (webtiles) character file.

Game seed: 16959696693943749989

36619 Erymatos the Severer (level 13, -14/85 HPs)
             Began as a Minotaur Berserker on Nov 24, 2020.
             Was an Elder of Trog.
             Demolished by a spatial vortex (20 damage)
             ... summoned by a spatial maelstrom
             ... on level 3 of the Abyss.
             The game lasted 00:32:47 (11230 turns).

Erymatos the Severer (Minotaur Berserker)          Turns: 11230, Time: 00:32:47

Health: -14/85     AC: 13    Str: 20 (21) XL:     13   Next: 54%
Magic:  8/8        EV:  6    Int: -1 (0)  God:    Trog [****..]
Gold:   981        SH: 11    Dex: 14      Spells: 12/12 levels left

rFire    + . .     SeeInvis .   U - +0 scimitar "Newtslayer" {flame, rF+}
rCold    . . .     Gourm    .   X - +0 kite shield
rNeg     . . .     Faith    .   e - +0 plate armour
rPois    +         Spirit   .   (helmet restricted)
rElec    .         Reflect  .   H - scarf {repulsion}
rCorr    .         Harm     .   i - +0 pair of gloves
MR       .....     Rnd*Rage +   j - +0 pair of boots Stlth ..........Rnd*Tele +
                                g - amulet of regeneration
HPRegen  0.00/turn              q - ring of poison resistance
MPRegen  0.11/turn              o - +6 ring of dexterity

@: berserk cooldown, very slightly contaminated, hasted and slowed, lost
intelligence, heavily drained, invisible (expiring), repel missiles
A: retaliatory headbutt, horns 2, [berserk 3], [blurry vision 3], [clumsy 2],
[deformed body], [deterioration 2], [dopey 2], [frail 3], [low mp 3], [screaming
3], [inhibited regeneration], [teleportitis 3], [weak 2], [no potion heal 3],
[subdued magic 3]
a: Berserk, Trog's Hand, Brothers in Arms, Renounce Religion


You were on level 3 of the Abyss.
You worshipped Trog.
Trog was greatly pleased with you.
You were not hungry.

You visited 1 branch of the dungeon, and saw 15 of its levels.
You visited the Abyss 1 time.

You collected 981 gold pieces.

Inventory:

Hand Weapons
 r - the +10 falchion of Fee Simple {drain, Fragile rC+++ Dex+7}
   (You found it on level 14 of the Dungeon)

   A truly terrible weapon, it drains the life of those it strikes.
   It affects your dexterity (+7).
   It renders you almost immune to cold.
   It will be destroyed if unequipped.
 E - the +6 long sword of Vejaetz {antimagic, rPois rN++, unknown}
   (You found it on level 2 of the Abyss)

   It reduces the magical energy of the wielder, and disrupts the spells and
   magical abilities of those hit.
   Natural abilities and divine invocations are not affected.
   It protects you from poison.
   It greatly protects you from negative energy.
 L - a +2 war axe of flaming
 O - a +1 broad axe
 Q - a +4 war axe of freezing
 U - the +0 scimitar "Newtslayer" (weapon) {flame, rF+}
   (You found it on level 14 of the Dungeon)

   It has been specially enchanted to burn those struck by it, causing extra
   injury to most foes and up to half again as much damage against particularly
   susceptible opponents.
   Big, fiery blades are also staple armaments of hydra-hunters.
   It protects you from fire.
Armour
 e - a +0 plate armour (worn)
 i - a +0 pair of gloves (worn)
 j - a +0 pair of boots (worn)
 H - a scarf of repulsion (worn)
 X - a +0 kite shield (worn)
Jewellery
 b - an uncursed amulet of reflection
 g - an amulet of regeneration (around neck)
 n - an uncursed amulet of magic regeneration
 o - a +6 ring of dexterity (right hand)
 q - a ring of poison resistance (left hand)
 A - an uncursed ring of protection from magic
Wands
 K - a wand of paralysis (6)
 M - a wand of polymorph (4)
 P - a wand of iceblast (12)
 T - a wand of clouds (3)
 V - a wand of flame (25)
 W - a wand of digging (4)
Scrolls
 l - 4 scrolls of fear
 m - 5 scrolls of teleportation
 s - a scroll of amnesia {unknown}
 t - 3 scrolls of magic mapping {unknown}
 w - a scroll of enchant armour {unknown}
 y - 8 scrolls of blinking
 C - 2 scrolls of fog {unknown}
 D - a scroll of summoning {unknown}
 F - 4 scrolls of remove curse
 G - a scroll of enchant weapon {unknown}
 J - a scroll of silence {unknown}
 R - 2 scrolls of random uselessness {unknown}
 S - a scroll of immolation {unknown}
Potions
 a - 2 potions of lignification
 d - a potion of brilliance {unknown}
 h - 2 potions of haste
 k - 3 potions of flight
 p - 7 potions of heal wounds
 v - a potion of curing {unknown}
 x - 2 potions of magic
 z - a potion of experience {unknown}
 B - 2 potions of mutation
 I - a potion of cancellation
 N - 2 potions of berserk rage {unknown}
Comestibles
 c - 27 rations


   Skills:
 + Level 13.3(11.7) Fighting
 + Level 17.2(15.5) Axes
 + Level 13.9(12.3) Armour
 + Level 4.2(3.0) Dodging
 - Level 0.2(0.0) Stealth
 + Level 8.5(7.1) Shields


You had 12 spell levels left.
You didn't know any spells.
Your spell library was empty.

Dungeon Overview and Level Annotations

Branches:
Dungeon (15/15)            Temple (0/1) D:5            Lair (0/6) D:11
    Orc (0/2) D:9          Vaults (0/5) D:14
 Depths: D:15

Altars:
Ashenzari
Dithmenos
Kikubaaqudgha
Qazlal
Sif Muna
Trog
Xom
The Shining One

Annotations:
D:11 1 runed translucent door, destino's ghost, journeyman OpFi


Innate Abilities, Weirdness & Mutations

You reflexively headbutt those who attack you in melee.
You have a pair of horns on your head.
[You have an uncontrollable temper.]
[Scrolls take you much longer to read.]
[You are very clumsy. (Dex -4)]
[Armour fits poorly on your strangely shaped body.]
[Your body often deteriorates upon taking damage.]
[You are very dopey. (Int -4)]
[You are extremely frail. (-30% HP)]
[Your magical capacity is extremely low. (-30% MP)]
[You frequently scream uncontrollably at your foes.]
[You do not regenerate when monsters are visible.]
[You are often teleported next to monsters.]
[You are very weak. (Str -4)]
[Potions cannot restore your health.]
[Your spells are much easier to cast, but much less powerful.]


Message History

The wretched star is engulfed in seething chaos.
A spatial vortex comes into view.
You barely miss the spatial vortex. You headbutt the spatial vortex.
The spatial vortex is lightly damaged.
You flicker for a moment.
The wretched star is engulfed in seething chaos.
The wretched star pulses with an eldritch light!
The spatial vortex is engulfed in seething chaos. x2
The apocalypse crab is engulfed in seething chaos.
The apocalypse crab is moving more slowly.
The wretched star is engulfed in seething chaos.
The wretched star seems to slow down.
The spatial vortex is engulfed in seething chaos.
The spatial vortex suddenly stops moving!
Unknown command.
You hit the spatial vortex. You burn the spatial vortex.
The spatial vortex is lightly damaged.
The spatial vortex is engulfed in seething chaos.
The spatial vortex hits you!!
You die...

#...# #..# #.
5..
.5##...#....## .
## #. .# #.# .
.$.####.### ####
..........
####5#.#....# #
###§§§v..... ..#
#.§t#*#....#..##
####@#..#... .
##v##...#.#
#§...##.. #..##
.... v##. . .#


You could see a wretched star (fast, agile, slow), 3 spatial vortices, an
apocalypse crab (agile, petrifying) and an iron imp.

Vanquished Creatures
  4 vault guards (D:14)
  2 centaur warriors
  3 two-headed ogres
  A death knight (D:14)
  Nergalle (D:11)
  3 unseen horrors
  A wizard (D:15)
  A deep troll (shapeshifter) (D:14)
  2 wolf spider zombies (D:14)
  8 ugly things
  3 cyclopes
  A deep elf mage (D:14)
  A manticore (D:11)
  The ghost of H0rd4k the Thaumaturge, a novice DEWz (D:7)
  A gargoyle (D:14)
  2 kobold demonologists (D:14)
  A komodo dragon (D:14)
  An efreet (D:14)
  A komodo dragon (shapeshifter) (D:14)
  2 trolls
  2 hippogriffs
  2 meliai zombies
  A shadow (D:14)
  Sigmund (D:5)
  A ynoxinul (Abyss:3)
  15 yaks
  A wraith (D:12)
  7 hungry ghosts
  4 wyverns
  2 basilisks (D:14)
  A basilisk (shapeshifter) (D:14)
  2 acid dragons
  6 orc warriors
  2 water moccasins
  A sky beast (D:9)
  A black bear (D:9)
  A meliai simulacrum (D:14)
  4 phantoms
  An ice beast (D:3)
  7 centaurs
  A necrophage (D:14)
  9 ogres
  5 big kobolds
  A gnoll sergeant (D:6)
  9 bullfrogs
  A water moccasin zombie (D:6)
  A wyvern skeleton (D:14)
  5 scorpions
  5 killer bees (D:8)
  2 electric eels (D:9)
  13 wights
  2 howler monkeys
  2 centaur zombies
  A crimson imp (D:14)
  2 quasits
  5 orc priests
  2 bullfrog skeletons
  4 hounds
  4 jellies
  9 centaur skeletons
  3 iguanas
  11 orc wizards
  10 worker ants
  2 hound skeletons
  A worker ant zombie (D:6)
  8 gnolls (D:6)
  12 adders
  2 shadow imps
  2 ufetubi (Abyss:3)
  An ooze (D:5)
  An adder skeleton (D:6)
  3 worms
  3 dart slugs
  5 leopard geckos
  39 orcs
  8 bats
  8 giant cockroaches
  7 goblins
  10 hobgoblins
  14 jackals
  10 kobolds
  5 quokkas
  A ball python (D:5)
  3 frilled lizards
  2 leopard gecko skeletons
  A leopard gecko zombie (D:8)
  2 quokka zombies (D:5)
  6 rats
365 creatures vanquished.

Vanquished Creatures (collateral kills)
  A storm dragon (D:14)
  A centaur warrior (D:14)
  An ogre mage (D:14)
  A thrashing horror (Abyss:3)
  A wizard (D:14)
  A wolf spider (D:14)
  A cyclops (D:14)
  2 manticores (D:14)
  A yaktaur (D:14)
  A centaur skeleton (D:14)
  A komodo dragon (D:14)
  2 trolls (D:14)
  A meliai (D:14)
  A hornet (D:14)
  A hippogriff (D:14)
  A wraith (D:14)
  A yak (shapeshifter) (D:14)
  A vampire (D:14)
  A boggart (D:14)
  A centaur (D:14)
  A crimson imp (D:14)
  A jelly (D:14)
24 creatures vanquished.

Vanquished Creatures (others)
  A wizard (D:14)
  A centaur simulacrum (D:14)
  A vampire (D:14)
  A bullfrog (D:14)
  A wight (D:14)
  A jelly (D:14)
6 creatures vanquished.

Grand Total: 395 creatures vanquished

Notes
Turn   | Place    | Note
-------+----------+-------------------------------------------
     0 | D:1      | Erymatos the Minotaur Berserker began the quest for the
                  | Orb.
     0 | D:1      | Reached XP level 1. HP: 19/19 MP: 0/0
   361 | D:1      | Reached XP level 2. HP: 25/27 MP: 1/1
   892 | D:2      | Reached skill level 4 in Axes
  1021 | D:2      | Reached XP level 3. HP: 27/33 MP: 2/2
  1349 | D:2      | Reached ** piety under Trog
  1640 | D:3      | Noticed an ice beast
  1653 | D:3      | Killed an ice beast
  1653 | D:3      | Reached skill level 5 in Axes
  1653 | D:3      | Reached XP level 4. HP: 32/41 MP: 3/3
  1711 | D:3      | Reached XP level 5. HP: 47/47 MP: 4/4
  1892 | D:3      | Reached skill level 5 in Fighting
  2187 | D:4      | Reached skill level 6 in Axes
  2187 | D:4      | Reached XP level 6. HP: 46/56 MP: 5/5
  2234 | D:4      | Reached *** piety under Trog
  2640 | D:5      | Entered Level 5 of the Dungeon
  2682 | D:5      | Reached skill level 7 in Axes
  2682 | D:5      | Reached XP level 7. HP: 62/62 MP: 6/6
  2843 | D:5      | Found a shimmering blue altar of Sif Muna.
  2847 | D:5      | Found a glowing golden altar of the Shining One.
  2847 | D:5      | Found a stormy altar of Qazlal.
  2847 | D:5      | Found an ancient bone altar of Kikubaaqudgha.
  2927 | D:5      | Reached skill level 5 in Armour
  2941 | D:5      | Found a staircase to the Ecumenical Temple.
  3058 | D:5      | Noticed Sigmund
  3066 | D:5      | Killed Sigmund
  3066 | D:5      | Reached skill level 8 in Axes
  3066 | D:5      | Reached skill level 1 in Shields
  3282 | D:5      | Reached **** piety under Trog
  3387 | D:5      | Found a shadowy altar of Dithmenos.
  3521 | D:6      | Reached XP level 8. HP: 61/70 MP: 7/7
  3734 | D:6      | Reached skill level 9 in Axes
  4458 | D:7      | Found a runed translucent gate.
  4458 | D:7      | Found a runed translucent gate.
  4459 | D:7      | Found a runed translucent gate.
  4461 | D:7      | Noticed H0rd4k's ghost (novice DEWz)
  4619 | D:7      | Reached skill level 10 in Axes
  4908 | D:7      | Killed H0rd4k's ghost
  4908 | D:7      | Reached XP level 9. HP: 79/79 MP: 8/8
  5083 | D:8      | Reached skill level 11 in Axes
  5334 | D:8      | Noticed a two-headed ogre
  5350 | D:8      | Killed a two-headed ogre
  5350 | D:8      | Reached ***** piety under Trog
  5350 | D:8      | Reached skill level 12 in Axes
  5854 | D:9      | Reached XP level 10. HP: 36/89 MP: 9/9
  5868 | D:9      | Noticed a two-headed ogre
  5942 | D:9      | Killed a two-headed ogre
  6464 | D:9      | Noticed a two-headed ogre
  6522 | D:9      | Killed a two-headed ogre
  6618 | D:9      | Reached skill level 10 in Armour
  6621 | D:9      | Reached skill level 13 in Axes
  6661 | D:9      | Found a staircase to the Orcish Mines.
  6761 | D:10     | Entered Level 10 of the Dungeon
  6880 | D:10     | Reached skill level 5 in Shields
  6997 | D:10     | Received a gift from Trog
  7514 | D:11     | Noticed a red ugly thing
  7522 | D:11     | Killed a red ugly thing
  7531 | D:11     | Reached XP level 11. HP: 99/99 MP: 10/10
  7626 | D:11     | Noticed Nergalle
  7645 | D:11     | Killed Nergalle
  7820 | D:11     | Reached skill level 10 in Fighting
  7820 | D:11     | Reached skill level 14 in Axes
  7844 | D:11     | Killed an unseen horror
  7885 | D:11     | Noticed a centaur warrior
  7898 | D:11     | Killed a centaur warrior
  7940 | D:11     | Noticed a cyan ugly thing
  7950 | D:11     | Killed a cyan ugly thing
  8039 | D:11     | Found a staircase to the Lair.
  8134 | D:11     | Noticed a fire giant
  8136 | D:11     | Noticed a wizard
  8138 | D:11     | Noticed a two-headed ogre
  8139 | D:11     | Noticed a death knight
  8161 | D:11     | Found a runed translucent door.
  8161 | D:11     | Found a shimmering altar of Xom.
  8161 | D:11     | Noticed destino's ghost (journeyman OpFi)
  8161 | D:11     | Noticed a +0 mace of chaos
  8432 | D:12     | Killed an unseen horror
  8742 | D:12     | Received a gift from Trog
  8742 | D:12     | Reached skill level 15 in Axes
  8843 | D:12     | You fall into a shaft and drop 2 floors!
  8872 | D:14     | Found a bloodstained altar of Trog.
  8879 | D:14     | Reached XP level 12. HP: 95/110 MP: 11/11
  9216 | D:14     | Noticed a storm dragon
  9221 | D:14     | Noticed a centaur warrior
  9257 | D:14     | Killed a storm dragon
  9258 | D:14     | Killed a centaur warrior
  9260 | D:14     | Reached skill level 16 in Axes
  9260 | D:14     | Noticed an ogre mage
  9267 | D:14     | Identified the +10 falchion of Fee Simple {drain, Fragile
                  | rC+++ Dex+7}
  9278 | D:14     | Killed an ogre mage
  9334 | D:14     | Noticed a death knight
  9347 | D:14     | Killed a death knight
  9358 | D:14     | Got a masterwork scimitar
  9848 | D:14     | Identified the cursed +0 scimitar "Newtslayer" {flame, rF+}
                  | (You found it on level 14 of the Dungeon)
 10077 | D:14     | Reached XP level 13. HP: 119/119 MP: 12/12
 10204 | D:14     | Found a gate to the Vaults.
 10219 | D:14     | Reached skill level 17 in Axes
 10506 | D:14     | Got a distressingly furry leather armour
 10517 | D:14     | Identified the +1 leather armour "Dezosaul" {rN+ SInv} (You
                  | found it on level 14 of the Dungeon)
 10586 | D:13     | Found a shattered altar of Ashenzari.
 10703 | D:13     | You fall into a shaft and drop 2 floors!
 10703 | D:15     | Entered Level 15 of the Dungeon
 10996 | D:15     | Cast into level 2 of the Abyss (a wizard)
 11012 | Abyss:2  | Got a masterwork long sword
 11052 | Abyss:2  | Noticed a lich
 11057 | Abyss:2  | Found a corrupted altar of Lugonu.
 11072 | Abyss:2  | Noticed a starcursed mass
 11208 | Abyss:3  | Lost intelligence.
 11230 | Abyss:3  | Demolished by a spatial vortex

Illustrated notes

Levels and vault maps discovered:
D:1:      minmay_arrival_four_houses, layout_loops_ring
D:2:      layout_loops_corners
D:3:      layout_rooms, first_ration, minivault_14, hex_large,
          kennysheep_generic_room_11
D:4:      layout_cave_pools
D:5:      layout_loops_cross, grunt_temple_overflow_open, kennysheep_mini_moat,
          minmay_temple_entry_proselytizer, uniq_sigmund
D:6:      layout_loops_corners
D:7:      layout_cave_pools, ebering_ghost_rock_garden, grunt_ogre_cave,
          due_unseen_surprise
D:8:      layout_loops_ring
D:9:      layout_rooms, erik_orc_2
D:10:     layout_grid_maze
D:11:     layout_cave_pools, lair_entry_dummy, ebering_ghost_xom,
          roderic_roman_lattice, onia_ninara_dug_in_and_dangerous, uniq_nergalle
D:12:     layout_basic
D:13:     layout_basic, gammafunk_ghost_split, basic_altar, serial_park_tiny_1,
          einodemon_armed_red_devil_minivault
D:14:     minmay_the_grid_square_5x5_5x5_mashed
          [minmay_the_grid_square_5x5_minivault,
          minmay_the_grid_square_5x5_longway,
          minmay_the_grid_square_5x5_hourglass, minmay_the_grid_square_5x5_two,
          minmay_the_grid_square_5x5_plus, minmay_the_grid_square_5x5_eight,
          minmay_the_grid_square_5x5_prize_deathbox,
          minmay_the_grid_square_5x5_z, minmay_the_grid_square_5x5_prize_itemx,
          minmay_the_grid_square_5x5_six,
          minmay_the_grid_square_5x5_fancy_junction,
          minmay_the_grid_square_5x5_half_checkered,
          minmay_the_grid_square_5x5_prize_monsterx,
          minmay_the_grid_square_5x5_hollow_slash,
          minmay_the_grid_square_5x5_empty,
          minmay_the_grid_square_5x5_almost_minimal,
          minmay_the_grid_square_5x5_prize_pseudospiral,
          minmay_the_grid_square_5x5_trominoes,
          minmay_the_grid_square_5x5_prize_rear_guard,
          minmay_the_grid_square_5x5_shuriken,
          minmay_the_grid_square_5x5_beaten_path,
          minmay_the_grid_square_5x5_tetrominoes,
          minmay_the_grid_square_5x5_n_small,
          minmay_the_grid_square_5x5_tri_point,
          minmay_the_grid_square_5x5_slash], layout_small_grid,
          lightli_vaults_fourway_checkpoint, chequers_jeans, trog_wizard
D:15:     hangedman_depths_entry_try_elsewhere_first, layout_layer_cave,
          serial_bayou_shore_b, serial_shops, shop
Abyss:3:  base: D:2, evilmike_abyss_exit_12, evilmike_abyss_exit_16,
          gammafunk_corrupted_shrine, dshaligram_kb_abyss_rune_zappy_water_cross

Skill      XL: |  1  2  3  4  5  6  7  8  9 10 11 12 13 |
---------------+----------------------------------------+-----
Fighting       | 4 5 6 7 8 9 11 12 13 | 13.3
Axes           | 4 5 6 7 8 10 12 13 15 16 17 | 17.2
Armour         | 3 4 5 7 8 10 11 13 | 13.9
Shields        | 1 3 4 5 6 7 8 |  8.5
Dodging        | 3 4 |  4.2
Stealth        | |  0.2

Action                   |  1- 3 |  4- 6 |  7- 9 | 10-12 | 13-15 || total
-------------------------+-------+-------+-------+-------+-------++-------
Melee: Hand axe          |    87 |   123 |   335 |   110 |       ||   655
       Headbutt          |    10 |    24 |    97 |   126 |    27 ||   284
       War axe           |       |       |       |   354 |    90 ||   444
       Scimitar          |       |       |       |       |    14 ||    14
Invok: Berserk           |     1 |     1 |     3 |     9 |     2 ||    16
       Brothers in Arms  |       |       |       |     6 |     4 ||    10
       Trog's Hand       |       |       |       |     3 |     3 ||     6
  Use: Scroll            |       |       |       |     6 |     8 ||    14
       Potion            |       |       |       |       |     2 ||     2
  Eat: Chunk             |     2 |     5 |    17 |    20 |     5 ||    49
       Ration            |       |       |       |     2 |     2 ||     4
Armor: Plate armour      |    62 |    61 |   159 |   249 |    60 ||   591
Dodge: Dodged            |    29 |    45 |    98 |   145 |    47 ||   364
       Repelled          |       |       |       |    17 |     5 ||    22
Block: Buckler           |       |     6 |    47 |   101 |       ||   154
       Kite shield       |       |       |       |     7 |    87 ||    94
       Rpst.: Scimitar   |       |       |       |       |     2 ||     2
